 Dungeon Crawl Stone Soup version 0.26-a0-259-g1effd001a9 (webtiles) character file.

Game seed: 12622543817644531742

2064 HoaS the Grappler (level 9, -12/59 HPs)
             Began as a Gargoyle Gladiator on July 27, 2020.
             Was an Initiate of Makhleb.
             Blown up by an orc priest (21 damage)
             ... with a disintegration bolt
             ... on level 7 of the Dungeon.
             The game lasted 00:10:27 (5190 turns).

HoaS the Grappler (Gargoyle Gladiator)              Turns: 5190, Time: 00:10:28

Health: -12/59     AC: 15    Str: 21    XL:     9   Next: 25%
Magic:  9/9        EV:  8    Int:  9    God:    Makhleb [......]
Gold:   302        SH:  0    Dex: 11    Spells: 8/8 levels left

rFire    . . .     SeeInvis .     - Unarmed
rCold    . . .     Faith    .   (no shield)
rNeg     + . .     Spirit   .   l - +0 chain mail
rPois    ∞         Reflect  .   b - +0 helmet
rElec    +         Harm     .   (no cloak)
rCorr    .                      (no gloves)
MR       +....                  (no boots)
Stlth    ..........             (no amulet)
HPRegen  0.19/turn              i - ring of protection from magic
MPRegen  0.11/turn              (no ring)

@: no status effects
A: negative energy resistance 1, electricity resistance, unbreathing,
petrification resistance, rot immunity, AC +6
a: Renounce Religion


You were on level 7 of the Dungeon.
You worshipped Makhleb.
Makhleb was noncommittal.
You were not hungry.

You visited 2 branches of the dungeon, and saw 8 of its levels.

You collected 302 gold pieces.

Inventory:

Missiles
 c - a throwing net (quivered)
 e - 28 poisoned darts
 j - 2 atropa-tipped darts
 k - 3 javelins
 o - 4 boomerangs
Armour
 b - a +0 helmet (worn)
 l - a +0 chain mail (worn)
Jewellery
 i - a ring of protection from magic (left hand)
 v - an uncursed ring of fire
 y - a cursed amulet of inaccuracy {unknown}
Wands
 w - a wand of polymorph (3)
Scrolls
 a - a scroll of magic mapping
 n - a scroll of identify
 p - a scroll of teleportation
 q - a scroll of remove curse
 s - 2 scrolls of blinking
Potions
 f - 2 potions of curing
 g - 2 potions of flight
 h - a potion of brilliance {unknown}
 m - a potion of mutation {unknown}
 r - a potion of degeneration {unknown}
 t - a potion of heal wounds {unknown}
 u - a potion of resistance {unknown}
 x - a potion of invisibility {unknown}
Comestibles
 d - 8 rations


   Skills:
 + Level 7.8 Fighting
 - Level 1.7 Throwing
 - Level 2.4 Dodging
 * Level 10.2 Unarmed Combat


You had 8 spell levels left.
You didn't know any spells.
Your spell library was empty.

Dungeon Overview and Level Annotations

Branches:
Dungeon (7/15)             Temple (1/1) D:6

Altars:
Ashenzari
Dithmenos
Elyvilon
Fedhas
Gozag
Hepliaklqana
Kikubaaqudgha
Makhleb
Nemelex Xobeh
Okawaru
Qazlal
Ru
Sif Muna
Trog
Uskayaw
Vehumet
Wu Jian
Xom
Yredelemnul
Zin
The Shining One

Shops:
D:4 !


Innate Abilities, Weirdness & Mutations

You are resistant to torment.
Your stone body is resilient. (AC +6)
You are immune to poison.
You resist negative energy. (rN+)
You are resistant to electric shocks. (rElec)
You can survive without breathing.
You are immune to petrification.
You are immune to rotting.


Message History

The orc priest zaps a wand.
You are blasted!
You closely miss the orc priest. Your punch misses the orc priest.
The orc priest zaps a wand.
You are blasted!
You barely miss the orc priest.
The orc priest zaps a wand.
You are blasted!
* * * LOW HITPOINT WARNING * * *
You hit the orc priest but do no damage.
The orc priest barely misses you.
You hit the orc priest but do no damage.
The orc priest hits you but does no damage.
You hit the orc priest.
The orc priest is lightly wounded.
The orc priest barely misses you.
Throwing (i - inventory. (/) - cycle)
c - 2 throwing nets (quivered)
Press: ? - help, Shift-Dir - straight line, f - orc priest
Aim: an orc priest, wearing a +0 leather armour and carrying a wand of disintegration (2) (lightly wounded)
You throw a throwing net. The throwing net hits the orc priest.
The orc priest is caught in the net!
The orc priest is lightly wounded.
The orc priest zaps a wand.
You are blasted!
You die...

#....####...###..##.#
#....####...#######.###
#.....................#
#.....................#
'.....................#
#.....................#
#.....................#
#..........<..........#
#...............@.....#
#....###....##.o.######
#....# #....##...#
...... #.....#..........
.......#.....#..........
.<.... #.....#.........o
.......+.....#.........o
##### #..####...##...##
#..# #...# ...#


You could see an orc priest (caught).

Vanquished Creatures
  Menkaure (D:6)
  Duvessa (D:6)
  A water moccasin (D:5)
  2 ogres
  A phantom (D:7)
  3 centaurs
  Blork the orc (D:6)
  3 bullfrogs
  Dowan (D:6)
  5 scorpions
  3 wights (D:7)
  A bullfrog zombie (D:7)
  A hound (D:7)
  A bullfrog skeleton (D:6)
  3 orc wizards
  3 worker ants
  Natasha (thrice) (D:4)
  2 hound skeletons
  A worker ant zombie (D:6)
  4 gnolls (D:4)
  4 adders
  A white imp (D:6)
  An ufetubus (D:5)
  2 oozes
  An adder skeleton (D:4)
  A worm (D:2)
  7 leopard geckos
  16 orcs
  8 bats
  5 giant cockroaches
  8 goblins
  7 hobgoblins
  2 jackals (D:3)
  2 quokkas
  A ball python (D:3)
  5 frilled lizards
  11 kobolds
  A leopard gecko zombie (D:2)
  7 rats
131 creatures vanquished.

Vanquished Creatures (others)
  An orc priest (D:5)
  An orc wizard (D:5)
  2 orcs (D:5)
4 creatures vanquished.

Grand Total: 135 creatures vanquished

Notes
Turn   | Place    | Note
-------+----------+-------------------------------------------
     0 | D:1      | HoaS the Gargoyle Gladiator began the quest for the Orb.
     0 | D:1      | Reached XP level 1. HP: 12/12 MP: 1/1
   205 | D:1      | Reached XP level 2. HP: 18/18 MP: 2/2
   743 | D:1      | Reached XP level 3. HP: 19/22 MP: 3/3
  1146 | D:2      | Reached skill level 4 in Unarmed Combat
  1351 | D:2      | Reached XP level 4. HP: 28/28 MP: 4/4
  2063 | D:3      | Found a faded altar of an unknown god.
  2365 | D:4      | Found a white marble altar of Elyvilon.
  2370 | D:4      | Noticed an ogre
  2398 | D:4      | Killed an ogre
  2398 | D:4      | Reached skill level 5 in Unarmed Combat
  2398 | D:4      | Reached XP level 5. HP: 14/33 MP: 5/5
  2622 | D:4      | Reached XP level 6. HP: 37/38 MP: 6/6
  2800 | D:4      | Found Naliguxi's Distillery.
  2843 | D:4      | Noticed Natasha
  2847 | D:4      | Killed Natasha
  2847 | D:4      | Reached skill level 6 in Unarmed Combat
  3115 | D:4      | Noticed Natasha
  3137 | D:4      | Killed Natasha
  3185 | D:4      | Noticed Natasha
  3193 | D:4      | Killed Natasha
  3323 | D:5      | Entered Level 5 of the Dungeon
  3336 | D:5      | Found an ancient bone altar of Kikubaaqudgha.
  3451 | D:5      | Found a blossoming altar of Fedhas.
  3503 | D:5      | Reached XP level 7. HP: 43/44 MP: 7/7
  3602 | D:5      | Reached skill level 5 in Fighting
  3602 | D:5      | Reached skill level 7 in Unarmed Combat
  3667 | D:5      | Found a shimmering altar of Xom.
  3669 | D:5      | Noticed an angel
  3679 | D:5      | Found a glowing silver altar of Zin.
  3949 | D:6      | Found a shattered altar of Ashenzari.
  3966 | D:6      | Noticed Dowan
  3967 | D:6      | Noticed Duvessa
  3985 | D:6      | Killed Duvessa
  3992 | D:6      | Reached XP level 8. HP: 40/51 MP: 8/8
  3995 | D:6      | Killed Dowan
  3995 | D:6      | Reached skill level 8 in Unarmed Combat
  4227 | D:6      | Noticed Menkaure
  4235 | D:6      | Killed Menkaure
  4498 | D:6      | Reached skill level 9 in Unarmed Combat
  4505 | D:6      | Found a staircase to the Ecumenical Temple.
  4577 | Temple   | Entered the Ecumenical Temple
  4667 | Temple   | Became a worshipper of Makhleb the Destroyer
  4728 | D:6      | Noticed Blork the orc
  4741 | D:6      | Killed Blork the orc
  4970 | D:7      | Reached XP level 9. HP: 49/57 MP: 9/9
  4990 | D:7      | Reached skill level 10 in Unarmed Combat
  5190 | D:7      | Blown up by an orc priest

Illustrated notes

Levels and vault maps discovered:
D:1:      onia_arrival_mini_spirals, layout_basic
D:2:      layout_rooms
D:3:      layout_basic, chequers_ecumenical_altar_simple, first_ration,
          chequers_serial_rivers_small_a
D:4:      layout_gridville, lemuel_doored_altar, serial_shops, shop,
          uniq_natasha
D:5:      layout_loops_ring, kennysheep_little_box,
          grunt_temple_overflow_order_and_chaos_1, basic_altar
D:6:      layout_basic, cheibrodos_ashenzari_chains, temple_pool_b,
          minmay_circle_x, uniq_duvessa, uniq_blork_the_orc, uniq_menkaure
D:7:      layout_gridville, the_bakery
Temple:   lightli_temple_of_artemis

Skill      XL: |  1  2  3  4  5  6  7  8  9 |
---------------+----------------------------+-----
Unarmed Combat | 4 5 6 7 9 10 | 10.2
Fighting       | 3 4 5 7 |  7.8
Throwing       | |  1.7
Dodging        | |  2.4

Action                   |  1- 3 |  4- 6 |  7- 9 || total
-------------------------+-------+-------+-------++-------
Melee: Unarmed           |   130 |   244 |   226 ||   600
       Punch             |     1 |     2 |    12 ||    15
Throw: Throwing net      |       |     2 |     2 ||     4
       Dart              |       |     2 |       ||     2
  Use: Scroll            |     2 |     5 |     5 ||    12
 Stab: Held in net/web   |       |       |     1 ||     1
  Eat: Ration            |     1 |     2 |     1 ||     4
Armor: Leather armour    |    15 |       |       ||    15
       Ring mail         |    44 |    10 |       ||    54
       Chain mail        |       |   104 |   118 ||   222
Dodge: Dodged            |    59 |   112 |    84 ||   255

Table legend:
 A = Non-vault XP
 B = Vault XP
 C = Vault XP percentage of total XP
 D = Non-vault monster count
 E = Vault monster count
 F = Vault count percentage of total count
                 A         B        C        D         E       F
            +---------+---------+-------+---------+---------+-------
      Total |    2095 |     854 |  29.0 |     121 |      10 |   7.6
            +---------+---------+-------+---------+---------+-------
        D:1 |      44 |       0 |   0.0 |      26 |       0 |   0.0
        D:2 |      56 |       0 |   0.0 |      14 |       0 |   0.0
        D:3 |      62 |       0 |   0.0 |      24 |       0 |   0.0
        D:4 |     378 |      35 |   8.5 |      16 |       1 |   5.9
        D:5 |     440 |       0 |   0.0 |      17 |       0 |   0.0
        D:6 |     333 |     819 |  71.1 |       7 |       9 |  56.2
        D:7 |     782 |       0 |   0.0 |      17 |       0 |   0.0
            +---------+---------+-------+---------+---------+-------
